Construct Infanterie Kompanie
Selects Italian Coastal Battlegroup
Selects Artillery Officer
Construct Panzergrenadier Kompanie
Pak 40 Anti-tank Gun Team
Selects Designated Artillery Overwatch
Nebelwerfer 42 Rocket Launcher Team
Panzergrenadier Officer Quarters
Selects Obice da 210/22 Artillery Emplacement
Selects Call the Reserves!
Construct Panzer Kompanie
Designated Artillery Overwatch
Designated Artillery Overwatch